 Dungeon Crawl Stone Soup version 0.21-a0-504-g2eda330 (webtiles) character file.

1043 slep the Poker (level 8, -6/61 HPs)
             Began as a Demonspawn Monk on Nov 26, 2017.
             Was a Priest of Okawaru.
             Mangled by an ogre
             ... wielding a +0 giant club
              (15 damage)
             ... on level 5 of the Dungeon.
             The game lasted 00:21:05 (4216 turns).

slep the Poker (Demonspawn Monk)                    Turns: 4216, Time: 00:21:06

Health: -6/61      AC: 12    Str: 13    XL:     8   Next: 4%
Magic:  8/8        EV: 12    Int: 11    God:    Okawaru [***...]
Gold:   163        SH:  0    Dex: 17    Spells: 7/7 levels left

rFire    + . .     SeeInvis .   q - +0 scythe
rCold    . . .     Gourm    .   (shield currently unavailable)
rNeg     . . .     Faith    .   F - +0 ring mail of Servitude {+Blink rF+ rCorr Stlth+} (curse)
rPois    .         Spirit   .   j - +2 hat
rElec    .         Reflect  .   u - scarf {repulsion}
rCorr    +         Harm     .   i - +1 pair of gloves
MR       .....                  C - +0 pair of boots
Stlth    ++++++....             (no amulet)
HPRegen  0.20/turn              t - ring of stealth
MPRegen  0.11/turn              (no ring)

@: repel missiles
A: claws 1, iridescent scales 1, blurry vision 1, nightstalker 2, wild magic 1,
MP-powered wands
a: Heroism, Renounce Religion, Evoke Blink


You were on level 5 of the Dungeon.
You worshipped Okawaru.
Okawaru was most pleased with you.
You were not hungry.

You visited 1 branch of the dungeon, and saw 5 of its levels.
You also visited: Sewer.

You collected 343 gold pieces.
You spent 180 gold pieces at shops.

Inventory:

Hand Weapons
 a - a +0 spear
 q - a +0 scythe (weapon)
Missiles
 D - 2 throwing nets (quivered)
Armour
 b - a +0 robe
 f - a +0 ring mail
 i - a +1 pair of gloves (worn)
 j - a +2 hat (worn)
 u - a scarf of repulsion (worn)
 C - a +0 pair of boots (worn)
 F - the cursed +0 ring mail of Servitude (worn) {+Blink rF+ rCorr Stlth+}
   (You bought it in a shop on level 5 of the Dungeon)

   It protects you from fire.
   It lets you blink.
   It protects you from acid and corrosion.
   It makes you more stealthy.
   It has a curse placed upon it.
Jewellery
 t - a ring of stealth (left hand)
Scrolls
 g - 4 scrolls of identify
 h - a scroll of amnesia
 r - a scroll of enchant armour
 v - a scroll of random uselessness {unknown}
 y - a scroll of blinking {unknown}
 z - 3 scrolls of teleportation
 A - 2 scrolls of fear {unknown}
Potions
 d - a potion of berserk rage {unknown}
 e - a potion of curing
 k - a potion of degeneration {unknown}
 m - 2 potions of haste
 p - 5 potions of flight {unknown}
 s - 2 potions of mutation {unknown}
 w - a potion of might {unknown}
 x - 2 potions of ambrosia {unknown}
 B - 2 potions of brilliance {unknown}
 G - a potion of resistance {unknown}
Comestibles
 c - 8 bread rations
 l - 3 meat rations
 n - 3 royal jellies
 o - 3 fruits
 E - 2 chunks of flesh


   Skills:
 + Level 4.5 Fighting
 + Level 6.1 Polearms
 + Level 2.7 Armour
 + Level 3.7 Dodging
 + Level 4.6 Stealth


You had 7 spell levels left.
You didn't know any spells.

Dungeon Overview and Level Annotations

Branches:
Dungeon (5/15)
 Temple: D:4-7

Altars:
Gozag
Nemelex Xobeh
Okawaru
Qazlal
Sif Muna
Wu Jian
Xom
The Shining One

Shops:
D:5 [


Innate Abilities, Weirdness & Mutations

You have sharp fingernails.
You are partially covered in iridescent scales. (AC +2)
You are significantly more attuned to the shadows.
Scrolls take you a little longer to read.
Your spells are a little harder to cast, but a little more powerful.
You expend magic power (3 MP) to strengthen your wands.


Message History

There is an open door here.
An ogre comes into view. It is wielding a giant club.
Attack whom?
Press: ? - help, Dir - move target cursor, f - ogre
Aim: an ogre, wielding a giant club (resting)
You reach to attack!
The helpless ogre fails to defend itself.
You hit the ogre but do no damage. The ogre closely misses you.
You slash the ogre!
The ogre is moderately wounded.
The ogre hits you with a giant club!
You slash the ogre!
The ogre is severely wounded.
The ogre barely misses you.
You hit the ogre.
The ogre is severely wounded.
The ogre hits you with a giant club!
* * * LOW HITPOINT WARNING * * *
The ogre hits you with a giant club!
You die...

. ......... #
#.......# #.......#
#.......# .#
####.......# #.#
...........###+##.#
...........+......#
...........#......#
...........#...O@.#
...........######.#
...........# #.#
....####### #.#
##'## #####'## #.#
#......# #.#
#......# #.#
#......# #.#
#....).#


You could see an ogre.

Vanquished Creatures
  Sigmund (D:2)
  A phantom (D:4)
  A sky beast (D:3)
  An ogre (D:4)
  A centaur (D:5)
  A bullfrog (D:4)
  2 crimson imps
  An orc priest (D:5)
  2 centaur skeletons
  An orc wizard (D:5)
  2 worker ants
  A hound skeleton (D:5)
  3 gnolls (D:4)
  A howler monkey skeleton (D:4)
  6 adders
  A shadow imp (D:2)
  3 oozes (Sewer)
  5 worms
  A dart slug (D:2)
  13 orcs
  4 ball pythons
  2 giant cockroaches
  7 goblins
  3 hobgoblins
  9 jackals
  6 quokkas
  14 bats
  7 frilled lizards
  4 kobolds
  A leopard gecko skeleton (D:4)
  8 rats
113 creatures vanquished.

Notes
Turn   | Place    | Note
-------+----------+-------------------------------------------
     0 | D:1      | slep the Demonspawn Monk began the quest for the Orb.
     0 | D:1      | Reached XP level 1. HP: 18/18 MP: 1/1
   119 | D:1      | Gained mutation: You are slightly more attuned to the shadows. [demonic ancestry]
   119 | D:1      | Reached XP level 2. HP: 4/24 MP: 2/2
   251 | D:1      | Reached skill level 3 in Polearms
   878 | D:2      | Gained mutation: You have sharp fingernails. [demonic ancestry]
   878 | D:2      | Reached XP level 3. HP: 23/29 MP: 3/3
   884 | D:2      | Found a faded altar of an unknown god.
  1184 | D:2      | Found a shimmering altar of Xom.
  1235 | D:2      | Found a deep blue altar of Sif Muna.
  1452 | D:2      | Noticed Sigmund
  1480 | D:2      | Killed Sigmund
  1480 | D:2      | Reached skill level 1 in Armour
  1480 | D:2      | Reached XP level 4. HP: 13/37 MP: 4/4
  1480 | D:2      | Gained mutation: You are significantly more attuned to the shadows. [demonic ancestry]
  1480 | D:2      | Reached XP level 5. HP: 15/42 MP: 5/5
  1698 | D:2      | Found an ornate altar of the Wu Jian Council.
  1789 | D:3      | Reached skill level 4 in Polearms
  1902 | D:3      | Noticed a sky beast
  1914 | D:3      | Killed a sky beast
  1914 | D:3      | Reached XP level 6. HP: 9/48 MP: 6/6
  1926 | D:3      | Gained mutation: Scrolls take you a little longer to read. [mutagenic meat]
  1927 | D:3      | Gained mutation: You expend magic power (3 MP) to strengthen your wands. [mutagenic meat]
  1928 | D:3      | Gained mutation: You are dopey. (Int -2) [mutagenic meat]
  1929 | D:3      | Gained mutation: Your spells are a little harder to cast, but a little more powerful. [mutagenic meat]
  1930 | D:3      | Gained mutation: You are partially covered in iridescent scales. (AC +2) [mutagenic meat]
  1931 | D:3      | Lost mutation: You are dopey. (Int -2) [mutagenic meat]
  1936 | D:3      | Found a sparkling altar of Nemelex Xobeh.
  1953 | D:3      | Found an iron altar of Okawaru.
  1960 | D:3      | Became a worshipper of Warmaster Okawaru
  1960 | D:3      | Reached * piety under Okawaru
  1960 | D:3      | Reached ** piety under Okawaru
  2141 | D:3      | Found a stormy altar of Qazlal.
  2469 | D:4      | Found a glowing golden altar of the Shining One.
  2618 | D:4      | Found a glowing drain.
  2623 | Sewer    | Entered a sewer
  3004 | Sewer    | Mutation became permanent: You are partially covered in iridescent scales. (AC +2) [demonic ancestry]
  3004 | Sewer    | Gained mutation: You are partially covered in iridescent scales. (AC +2) [demonic ancestry]
  3004 | Sewer    | Reached XP level 7. HP: 49/54 MP: 7/7
  3177 | D:4      | Reached skill level 5 in Polearms
  3598 | D:4      | Reached *** piety under Okawaru
  3621 | D:4      | Found an opulent altar of Gozag.
  3703 | D:5      | Entered Level 5 of the Dungeon
  3757 | D:5      | Found Arpho Zam's Antique Armour Shoppe.
  3770 | D:5      | Bought a translucent ring mail for 180 gold pieces
  3780 | D:5      | Identified the cursed +0 ring mail of Servitude {+Blink rF+ rCorr Stlth+} (You bought it in a shop on level 5 of the Dungeon)
  3992 | D:5      | Reached skill level 6 in Polearms
  4202 | D:5      | Reached XP level 8. HP: 33/61 MP: 8/8
  4216 | D:5      | Mangled by an ogre

Vault maps used:
D:1:      co_arrival_random_square_maze
D:2:      overflow_temple_1_default, marbit_many_paths, old_standard_altar,
          chequers_ecumenical_altar_simple_redux, corexii_hall_statues_s,
          uniq_sigmund
D:3:      nicolae_qazlal_eye_of_the_storm, nemelex_xobeh_ov_fountains_minmay,
          okawaru_trees_2, first_bread
D:4:      nicolae_gozag_seed_capital, lemuel_crystal_altar,
          portal_sewer_entry_e, kennysheep_generic_room_10
D:5:      wad_pebble_path, serial_shops, nicolae_shop_waterfront
Sewer:    sewer_fruit_machine

Skill      XL: |  1  2  3  4  5  6  7 |
---------------+----------------------+-----
Polearms       | 3 4 6 |  6.1
Dodging        | 3 |  3.7
Stealth        | 3 4 |  4.6
Armour         | 1 2 |  2.7
Fighting       | 4 |  4.5

Action                   |  1- 3 |  4- 6 |  7- 9 || total
-------------------------+-------+-------+-------++-------
Melee: Spear             |   133 |       |       ||   133
       Scythe            |       |   103 |   130 ||   233
  Use: Potion            |     1 |       |       ||     1
       Scroll            |       |     6 |       ||     6
 Stab: Sleeping          |    15 |    21 |    11 ||    47
       Distracted        |       |       |     1 ||     1
  Eat: Chunk             |     1 |    12 |     5 ||    18
Armor: Robe              |     3 |       |       ||     3
       Ring mail         |    21 |    47 |    40 ||   108
Dodge: Dodged            |    67 |    84 |    72 ||   223
       Deflected         |       |       |    10 ||    10

Table legend:
 A = Spawn XP
 B = Non-spawn XP
 C = Spawn XP percentage of total XP
 D = Spawn monster count
 E = Non-spawn monster count
 F = Spawn count percentage of total count
 G = Total turns spent on level
                    A         B        C        D         E        F      G
               +---------+---------+-------+---------+---------+-------+---------
         Total |       0 |    1490 |   0.0 |       0 |     113 |   0.0 |  4216
               +---------+---------+-------+---------+---------+-------+---------
           D:1 |       0 |      36 |   0.0 |       0 |      23 |   0.0 |   865
           D:2 |       0 |     244 |   0.0 |       0 |      12 |   0.0 |   908
           D:3 |       0 |     209 |   0.0 |       0 |      13 |   0.0 |   531
           D:4 |       0 |     568 |   0.0 |       0 |      26 |   0.0 |   856
           D:5 |       0 |     370 |   0.0 |       0 |      15 |   0.0 |   513
         Sewer |       0 |      63 |   0.0 |       0 |      24 |   0.0 |   543
               +---------+---------+-------+---------+---------+-------+---------
